 Dungeon Crawl Stone Soup version 0.28.0-53-g5a82cb258f (webtiles) character file.

Game seed: 7196899753379131565

225 infcreate the Sneak (level 5, 25/28 HPs)
             Began as a Vampire Enchanter on July 28, 2022.
             Quit the game on level 6 of the Dungeon.
             The game lasted 00:07:27 (3117 turns).

infcreate the Sneak (Vampire Enchanter)             Turns: 3117, Time: 00:07:27

Health: 25/28      AC:  3    Str:  7    XL:     5   Next: 68%
Magic:  9/9        EV: 13    Int: 18    God:
Gold:   147        SH:  0    Dex: 16    Spells: 1/10 levels left

rFire   . . .      SeeInvis +   a - +1 dagger
rCold   + + .      Faith    .   (no shield)
rNeg    + + +      Spirit   .   b - +0 robe
rPois   ∞          Reflect  .   (no helmet)
rElec   .          Harm     .   (no cloak)
rCorr   .          Rampage  .   e - +0 pair of gloves
Will    .....                   (no boots)
Stlth   +++++.....              m - amulet of magic regeneration
HPRegen 0.09/turn               (no ring)
MPRegen 0.51/turn               (no ring)

@: bloodless, studying Dodging
A: bloodless, fangs 3, see invisible, vampiric 2
a: Bat Form, Revivify


You were on level 6 of the Dungeon.
You visited 1 branch of the dungeon, and saw 4 of its levels.

You collected 147 gold pieces.


Innate Abilities, Weirdness & Mutations

You do not regenerate when monsters are visible.
You are frail without blood (-20% HP).
You can heal yourself when you bite living creatures.
You are immune to poison.
You have razor-sharp teeth.
You have supernaturally acute eyesight. (SInv)
You are afflicted with vampirism and can become a bat while bloodless.


   Skills:
 + Level 2.8 Short Blades
 + Level 3.4 Dodging
 + Level 5.9 Stealth
 + Level 3.0 Spellcasting
 + Level 5.7 Hexes


You had one spell level left.
You knew the following spells:

 Your Spells              Type           Power      Damage    Failure   Level
c - Confusing Touch       Hex            23%        N/A       4%          3
d - Tukima's Dance        Hex            23%        N/A       4%          3
e - Ensorcelled Hibernat  Hex/Ice        26%        N/A       8%          2
s - Slow                  Hex            92%        N/A       1%          1

Your spell library contained the following spells:

 Spells                   Type           Power      Damage    Failure   Level
 Magic Dart               Conj           8%         1d3       16%         1
 Dazzling Flash           Conj/Hex       26%        N/A       16%         3
 Searing Ray              Conj           4%         2d4       24%         2
 Vampiric Draining        Necr           2%         2d6       43%         3
 Fulminant Prism          Conj/Hex       6%         3d7       45%         4

Inventory:

Hand Weapons
 a - a +1 dagger (weapon)
Armour
 b - a +0 robe (worn)
 e - a +0 pair of gloves (worn)
Jewellery
 m - an amulet of magic regeneration (around neck)
Wands
 o - a wand of iceblast (4)
Scrolls
 d - a scroll of vulnerability {unknown}
 f - 2 scrolls of fear {unknown}
 g - 2 scrolls of magic mapping {unknown}
 j - 2 scrolls of teleportation {unknown}
 k - 2 scrolls of identify {unknown}
 n - a scroll of immolation {unknown}
Potions
 c - a potion of invisibility
 h - a potion of curing {unknown}
 i - a potion of cancellation {unknown}
 l - a potion of brilliance {unknown}

Dungeon Overview and Level Annotations

Branches:
Dungeon (6/15)
 Temple: D:4-7

Altars:

#..# #..........#
##..###..........## #
#....#..<.........###
#.............(......
##........#.....#....
#.......##....####..
#......###...## #..
#...(..# ##..# #..
#..@..## #### #..
#....## #.. #...##
#.. #....# ##. #...##
#. ##.## #. #> #. ##
#. #.


There were no monsters in sight!


Message History

k - 2 scrolls labelled XOIDUI QIAFF (gained 1)
n - a scroll labelled FIVETHRI RUWK An ufetubus comes into view.
Unknown command.
The ufetubus shouts!
The ufetubus barely misses you. The ufetubus hits you.
Casting: Confusing Touch (quite dangerous; 4% risk of failure)
Confirm with . or Enter, or press ? or * to list all spells.
The spell is quite dangerous to miscast (4% risk of failure)!
Continue anyway?
Your hands begin to glow red.
The ufetubus hits you but does no damage.
The ufetubus misses you.
You barely miss the ufetubus. Your punch misses the ufetubus.
The ufetubus barely misses you.
The ufetubus hits you but does no damage.
You barely miss the ufetubus. The ufetubus hits you.
The ufetubus hits you but does no damage.
The ufetubus closely misses you. The ufetubus barely misses you.
You closely miss the ufetubus.
The ufetubus hits you but does no damage. x2
You hit the ufetubus but do no damage.
The ufetubus appears confused.
You barely miss the ufetubus. You hit the ufetubus but do no damage.
You catch the helpless ufetubus completely off-guard!
You impale the ufetubus!!
You kill the ufetubus!
You pick up a manual of Dodging {!d} and begin studying.
Found a stone staircase leading down.
o - a wand of iceblast (4) Are you sure you want to abandon this character and quit the game? (Confirm with "yes".)

Skill      XL: |  1  2  3  4 |
---------------+-------------+-----
Stealth        | 5 |  5.9
Short Blades   | 2 |  2.8
Hexes          | 5 |  5.7
Dodging        | 3 |  3.4
Spellcasting   | 3 |  3.0

Action                   |  1- 3 |  4- 6 || total
-------------------------+-------+-------++-------
Melee: Dagger            |    61 |    23 ||    84
       Bite              |     6 |     1 ||     7
 Cast: Ensorcelled Hiber |    12 |     4 ||    16
       Confusing Touch   |       |     3 ||     3
       Tukima's Dance    |       |     2 ||     2
 Abil: Exsanguinate      |     1 |       ||     1
 Stab: Sleeping          |    23 |     6 ||    29
       Confused          |       |     2 ||     2
Armor: Robe              |     9 |     6 ||    15
Dodge: Dodged            |    18 |     7 ||    25

Levels and vault maps discovered:
D:1:      psy_arrival_terrarium, layout_basic
D:2:      layout_loops_ring, kennysheep_generic_room_6
D:3:      layout_loops_ring, basic_ecumenical_altar, uniq_jessica
D:6:      layout_cave_pods, minmay_misc_feat_room

Notes
Turn   | Place    | Note
-------+----------+-------------------------------------------
     0 | D:1      | infcreate the Vampire Enchanter began the quest for the
                  | Orb.
     0 | D:1      | Reached XP level 1. HP: 13/13 MP: 3/3
   892 | D:1      | Reached XP level 2. HP: 10/15 MP: 5/5
   906 | D:1      | Learned a level 2 spell: Ensorcelled Hibernation
  2232 | D:2      | Gained mutation: You are afflicted with vampirism and can
                  | become a bat while bloodless. [Vampire growth]
  2232 | D:2      | Reached XP level 3. HP: 19/19 MP: 6/6
  2236 | D:2      | Learned a level 3 spell: Tukima's Dance
  2287 | D:2      | Reached skill level 5 in Stealth
  2331 | D:3      | Reached skill level 2 in Short Blades
  2331 | D:3      | Reached skill level 5 in Hexes
  2467 | D:3      | Found a faded altar of an unknown god.
  2480 | D:3      | Noticed Jessica
  2501 | D:3      | Reached XP level 4. HP: 24/24 MP: 0/7
  2505 | D:3      | Learned a level 3 spell: Confusing Touch
  2573 | D:3      | Killed Jessica
  2574 | D:3      | Reached skill level 3 in Dodging
  2758 | D:3      | You fall into a shaft and drop 3 floors!
  2910 | D:6      | Noticed a centaur warrior zombie
  2950 | D:6      | Noticed a centaur
  2992 | D:6      | Noticed an ogre
  3000 | D:6      | Killed an ogre
  3001 | D:6      | Reached skill level 3 in Spellcasting
  3001 | D:6      | Reached XP level 5. HP: 28/28 MP: 2/9
  3003 | D:6      | Learned a level 1 spell: Slow
  3117 | D:6      | Quit the game

Vanquished Creatures
  Jessica (D:3)
  A howler monkey zombie (D:6)
  5 adders
  A howler monkey skeleton (D:6)
  An ufetubus (D:6)
  A worm (D:3)
  4 bats
  3 endoplasms (D:1)
  A giant cockroach (D:2)
  3 goblins
  7 hobgoblins
  2 jackals (D:1)
  2 quokkas (D:1)
  3 ball pythons
  A frilled lizard (D:2)
  A rat (D:2)
37 creatures vanquished.

Vanquished Creatures (collateral kills)
  An ogre (D:6)
1 creature vanquished.

Grand Total: 38 creatures vanquished

Table legend: (Time is in decaauts)
 A = Elapsed time spent in this place.
 B = Non-inter-level travel time spent in this place.
 C = Inter-level travel time spent in this place.
 D = Time resting spent in this place.
 E = Time spent auto-exploring this place.
 F = Levels seen in this place.
 G = Mean time per level.
                   A        B        C        D        E       F      G
               +--------+--------+--------+--------+--------+-----+--------+
         Total |   3110 |   2481 |    629 |    154 |   1767 |   4 |  777.5 |
       Dungeon |   3110 |   2481 |    629 |    154 |   1767 |   4 |  777.5 |
               +--------+--------+--------+--------+--------+-----+--------+

Top non-repeatable levels by time:
     D:1: 1581 daAuts
     D:2: 746 daAuts
     D:3: 426 daAuts
     D:6: 356 daAuts

Table legend:
 A = Non-vault XP
 B = Vault XP
 C = Vault XP percentage of total XP
 D = Non-vault monster count
 E = Vault monster count
 F = Vault count percentage of total count
                 A         B        C        D         E       F
            +---------+---------+-------+---------+---------+-------
      Total |     283 |      39 |  12.1 |      36 |       2 |   5.3
            +---------+---------+-------+---------+---------+-------
        D:1 |      26 |       0 |   0.0 |      14 |       0 |   0.0
        D:2 |      53 |       2 |   3.6 |      11 |       1 |   8.3
        D:3 |      25 |      37 |  59.7 |       6 |       1 |  14.3
        D:6 |     179 |       0 |   0.0 |       5 |       0 |   0.0
            +---------+---------+-------+---------+---------+-------
